 Dungeon Crawl Stone Soup version 0.26-a0-597-gb535b0901c (webtiles) character file.

Game seed: 3623162278273803391

99 Apogee the Skirmisher (level 4, 0/40 HPs)
             Began as a Palentonga Fighter on Sept 15, 2020.
             Slain by an adder (4 damage)
             ... on level 2 of the Dungeon.
             The game lasted 00:03:21 (2331 turns).

Apogee the Skirmisher (Palentonga Fighter)          Turns: 2331, Time: 00:03:22

Health: 0/40       AC:  6    Str: 21    XL:     4   Next: 45%
Magic:  4/4        EV:  5    Int:  8    God:
Gold:   68         SH:  9    Dex:  9    Spells: 3/3 levels left

rFire    . . .     SeeInvis +   a - +0 war axe
rCold    . . .     Faith    .   c - +0 kite shield
rNeg     . . .     Spirit   .   b - +0 scale mail
rPois    .         Reflect  .   (no helmet)
rElec    .         Harm     .   (no cloak)
rCorr    .                      (no gloves)
MR       .....                  (no barding)
Stlth    ..........             (no amulet)
HPRegen  0.13/turn              (no ring)
MPRegen  0.09/turn              (no ring)

@: mighty, brilliant, lethally poisoned (0 -> -4)
A: large, rugged brown scales 3, see invisible, deformed body, roll, armoured
tail
a: Rolling Charge


You were on level 2 of the Dungeon.
You visited 1 branch of the dungeon, and saw 3 of its levels.

You collected 68 gold pieces.

Inventory:

Hand Weapons
 a - a +0 war axe (weapon)
Armour
 b - a +0 scale mail (worn)
 c - a +0 kite shield (worn)
Scrolls
 e - a scroll of magic mapping {unknown}
 f - a scroll of noise {unknown}
 g - 4 scrolls of identify {unknown}
Potions
 d - a potion of might


   Skills:
 + Level 3.5 Fighting
 * Level 3.3 Axes
 + Level 2.9 Armour
 + Level 2.9 Shields


You had 3 spell levels left.
You didn't know any spells.
Your spell library was empty.

Dungeon Overview and Level Annotations

Branches:
Dungeon (3/15)

Altars:


Innate Abilities, Weirdness & Mutations

You are completely covered in rugged brown scales. (AC +3, +7% HP)
You have supernaturally acute eyesight. (SInv)
Armour fits poorly on your strangely shaped body.
You can roll at foes to attack.
You have a long armoured tail.


Message History

The adder poisons you! You block the orc's attack.
The bat hits you but does no damage.
The orc priest calls upon Beogh to heal the orc.
The orc's wounds heal themselves!
The adder barely misses you. The orc hits you but does no damage. x2
You closely miss the bat. You barely miss the adder. You hit the orc. x2
You feel sick. The bat hits you but does no damage.
The adder bites you but does no damage.
The orc priest calls down the wrath of Beogh upon you.
Beogh smites you!
* * * LOW HITPOINT WARNING * * *
You block the orc's attack. You block the adder's attack.
You block the orc's attack.
You are too injured to fight recklessly!
You are too injured to fight recklessly!
You are too injured to fight recklessly!
You feel sick. The orc hits you but does no damage.
You feel sick. The bat hits you but does no damage. x2
The orc hits you but does no damage. You block the adder's attack.
You feel sick. The bat hits you but does no damage.
The orc priest mumbles some strange prayers to Beogh against you.
Beogh smites you!
* * * LOW HITPOINT WARNING * * *
* * * LOW HITPOINT WARNING * * *
You feel sick. You block the bat's attack.
There is a stone staircase leading up here.
* * * LOW HITPOINT WARNING * * *
You feel sick. The bat hits you but does no damage.
The adder barely misses you.
The orc priest looks satisfied for a moment.
The adder bites you.
* * * LOW HITPOINT WARNING * * *
You climb upwards.
* * * LOW HITPOINT WARNING * * *
You feel sick.
There is a stone staircase leading down here.
It was a potion of brilliance.
You feel clever all of a sudden.
* * * LOW HITPOINT WARNING * * *
You feel sick. The bat hits you but does no damage.
The adder bites you but does no damage.
You feel very mighty all of a sudden. You block the bat's attack.
You block the adder's attack.
You closely miss the adder.
* * * LOW HITPOINT WARNING * * *
You feel sick. You block the adder's attack. The bat completely misses you.
The adder bites you but does no damage. The bat hits you but does no damage.
You miss the adder. You barely miss the bat. You block the bat's attack.
The adder bites you.
You die...

###### #....# #....#
#### #....# #...
#######....####...
######@....'...........
#.....Sb##.#....##.#...
#.......##.#....##.#...
#......................
#.......##.....###.####
##..(...............#
#...(.....############
#...(####.##.........#
#...(...#.##.........#


You could see an adder and a bat.

Vanquished Creatures
  4 gnolls
  2 adders (D:2)
  2 worms (D:2)
  A dart slug (D:2)
  An orc (D:3)
  3 bats
  2 giant cockroaches (D:2)
  A goblin (D:2)
  3 hobgoblins (D:2)
  8 kobolds
  A quokka (D:2)
  2 ball pythons
  3 frilled lizards (D:2)
  7 rats
40 creatures vanquished.

Notes
Turn   | Place    | Note
-------+----------+-------------------------------------------
     0 | D:1      | Apogee the Palentonga Fighter began the quest for the Orb.
     0 | D:1      | Reached XP level 1. HP: 20/20 MP: 1/1
   322 | D:1      | Reached XP level 2. HP: 24/27 MP: 2/2
  1338 | D:2      | Reached XP level 3. HP: 33/33 MP: 3/3
  1879 | D:2      | Reached XP level 4. HP: 40/40 MP: 4/4
  2331 | D:2      | Slain by an adder

Illustrated notes

Levels and vault maps discovered:
D:1:      dpeg_chamrin_arrival_tetris, layout_basic
D:2:      layout_basic
D:3:      layout_basic

Skill      XL: |  1  2  3 |
---------------+----------+-----
Axes           | 3 |  3.3
Fighting       | |  3.5
Armour         | |  2.9
Shields        | |  2.9

Action                   |  1- 3 |  4- 6 || total
-------------------------+-------+-------++-------
Melee: War axe           |   114 |    28 ||   142
       Tailslap          |    14 |     2 ||    16
  Use: Potion            |       |     2 ||     2
 Stab: Distracted        |     1 |       ||     1
Armor: Scale mail        |    53 |    26 ||    79
Dodge: Dodged            |    28 |     8 ||    36
Block: Kite shield       |    61 |    34 ||    95

Table legend: (Time is in decaauts)
 A = Elapsed time spent in this place.
 B = Non-inter-level travel time spent in this place.
 C = Inter-level travel time spent in this place.
 D = Time resting spent in this place.
 E = Time spent auto-exploring this place.
 F = Levels seen in this place.
 G = Mean time per level.
                   A        B        C        D        E       F      G
               +--------+--------+--------+--------+--------+-----+--------+
         Total |   2396 |   2295 |    101 |    241 |   1632 |   3 |  798.7 |
       Dungeon |   2396 |   2295 |    101 |    241 |   1632 |   3 |  798.7 |
               +--------+--------+--------+--------+--------+-----+--------+

Top non-repeatable levels by time:
     D:2: 1361 daAuts
     D:1: 1008 daAuts
     D:3: 26 daAuts
